 Dungeon Crawl Stone Soup version 0.24-a0-699-g5a66b1aa3b (webtiles) character file.

Game seed: 7983177833679552119, levelgen mode: deterministic

767 Arixos the Magician (level 7, -2/55 HPs)
             Began as a Mummy Necromancer on Sept 28, 2019.
             Was a Follower of Makhleb.
             Shot with a sling bullet by Joseph (8 damage)
             ... on level 7 of the Dungeon.
             The game lasted 00:46:23 (5525 turns).

Arixos the Magician (Mummy Necromancer)             Turns: 5525, Time: 00:46:24

Health: -2/55      AC:  4    Str: 11    XL:     7   Next: 52%
Magic:  16/16      EV: 12    Int: 17    God:    Makhleb [*.....]
Gold:   243        SH:  0    Dex: 12    Spells: 14/18 levels left

rFire    x . .     SeeInvis .   c - +0 whip
rCold    + + .     Gourm    .   (no shield)
rNeg     + + +     Faith    .   a - +0 robe
rPois    ∞         Spirit   .   (no helmet)
rElec    .         Reflect  .   j - +0 cloak {MR+}
rCorr    .         Harm     .   d - +0 pair of gloves
MR       +....                  (no boots)
Stlth    ++........             (no amulet)
HPRegen  0.18/turn              b - ring of protection from cold
MPRegen  0.15/turn              (no ring)

@: no status effects
A: no food or potions, fire vulnerability, cold resistance 1, negative energy
resistance 3, torment resistance, unbreathing
a: Renounce Religion


You were on level 7 of the Dungeon.
You worshipped Makhleb.
Makhleb was aware of your devotion.
You were not hungry.

You visited 1 branch of the dungeon, and saw 6 of its levels.

You collected 243 gold pieces.

Inventory:

Hand Weapons
 c - a +0 whip (weapon)
Armour
 a - a +0 robe (worn)
 d - a +0 pair of gloves (worn)
 j - a +0 cloak of magic resistance (worn)
Jewellery
 b - a ring of protection from cold (left hand)
Scrolls
 e - 2 scrolls of amnesia {unknown}
 f - 3 scrolls of enchant armour {unknown}
 g - 4 scrolls of identify {unknown}
 h - 2 scrolls of teleportation {unknown}
 i - 2 scrolls of noise {unknown}
 k - a scroll of enchant weapon {unknown}


   Skills:
 + Level 4.6 Fighting
 - Level 1.5 Dodging
 - Level 1.5 Stealth
 + Level 6.3 Spellcasting
 + Level 6.3 Necromancy


You had 14 spell levels left.
You knew the following spells:

 Your Spells              Type           Power        Failure   Level  Hunger
a - Pain                  Necr           ####         1%          1    N/A
b - Vampiric Draining     Necr           ####......   2%          3    N/A

Your spell library contained the following spells:

 Spells                   Type           Power        Failure   Level  Hunger
 Animate Skeleton         Necr           N/A          1%          1    N/A
 Animate Dead             Necr           N/A          9%          4    N/A
 Regeneration             Chrm/Necr      Unusable     N/A         3    N/A

Dungeon Overview and Level Annotations

Branches:
Dungeon (7/15)
 Temple: D:4-7

Altars:
Elyvilon
Fedhas
Makhleb
Nemelex Xobeh
Vehumet

Shops:
D:4 ?

Annotations:
D:7 Joseph


Innate Abilities, Weirdness & Mutations

You do not eat or drink.
Your flesh is vulnerable to fire.
You are immune to poison.
Your flesh is cold resistant. (rC+)
You are immune to negative energy. (rN+++)
You are immune to unholy pain and torment.
You can survive without breathing.


Message History

The bullfrog zombie barely misses you. The bullfrog zombie hits you.
* * * LOW HITPOINT WARNING * * *
The bullfrog zombie barely misses you. The bullfrog zombie hits you.
* * * LOW HITPOINT WARNING * * *
The bullfrog zombie barely misses you. The bullfrog zombie closely misses you.
The bullfrog zombie barely misses you.
There is a stone staircase leading down here.
You can't go up here!
The bullfrog zombie hits you.
* * * LOW HITPOINT WARNING * * *
You climb downwards.
Level annotation: Joseph
There is a stone staircase leading up here.
You start resting.
Joseph is too close now for your liking.
Joseph shoots a sling bullet.
The sling bullet hits you!
You die...

.... ......... ....
##......... ....
#.......... ....
##.......... ....
#........... ####
#...........
##...........
#...@......#.##
#####<.#####..# #...#
#..# #...# #..#
####.(### #..#######
#.....@.####.........
.............#...†.@...
............(.(@#######
#.................# ##.


You could see Joseph.

Vanquished Creatures
  Eustachio (D:4)
  2 ogres (D:4)
  A scorpion (D:4)
  2 howler monkeys (D:4)
  A hound (D:4)
  An orc wizard (D:4)
  An iguana (D:4)
  2 worker ants
  A hound skeleton (D:6)
  9 adders
  3 worms
  5 dart slugs
  2 leopard geckos (D:3)
  6 orcs
  4 ball pythons
  3 giant cockroaches
  12 goblins
  3 hobgoblins
  7 jackals
  6 kobolds
  2 quokkas
  12 bats
  4 frilled lizards
  8 rats
98 creatures vanquished.

Notes
Turn   | Place    | Note
-------+----------+-------------------------------------------
     0 | D:1      | Arixos the Mummy Necromancer began the quest for the Orb.
     0 | D:1      | Reached XP level 1. HP: 13/13 MP: 4/4
   158 | D:1      | Reached XP level 2. HP: 20/20 MP: 0/6
   418 | D:1      | Reached skill level 1 in Fighting
   899 | D:1      | Reached XP level 3. HP: 26/26 MP: 5/7
  1356 | D:2      | Found a white marble altar of Elyvilon.
  1456 | D:2      | Found a radiant altar of Vehumet.
  1479 | D:2      | Became a worshipper of Vehumet
  1512 | D:2      | Reached XP level 4. HP: 33/33 MP: 1/9
  1906 | D:2      | Found a faded altar of an unknown god.
  2694 | D:3      | Reached * piety under Vehumet
  2694 | D:3      | Offered knowledge of Magic Dart by Vehumet.
  2712 | D:3      | Reached XP level 5. HP: 39/39 MP: 5/11
  2764 | D:3      | Learned a level 3 spell: Vampiric Draining
  2950 | D:2      | Fell from the grace of Vehumet
  2950 | D:2      | Became a worshipper of Makhleb the Destroyer
  2950 | D:2      | Reached * piety under Makhleb
  3050 | D:3      | Reached skill level 5 in Necromancy
  3066 | D:3      | Found a blossoming altar of Fedhas.
  3518 | D:4      | Noticed Eustachio
  3555 | D:4      | Found Wiuroivie's Magic Scroll Shop.
  4041 | D:4      | Reached XP level 6. HP: 41/47 MP: 7/13
  4048 | D:4      | Reached skill level 5 in Spellcasting
  4769 | D:4      | Found a sparkling altar of Nemelex Xobeh.
  4823 | D:4      | Killed Eustachio
  4823 | D:4      | Reached XP level 7. HP: 54/54 MP: 4/16
  4975 | D:4      | You fall into a shaft and drop 3 floors!
  5095 | D:7      | Noticed Joseph
  5525 | D:7      | Shot with a sling bullet by Joseph

Levels and vault maps discovered:
D:1:      matt_arrival_spirals, layout_rooms, minmay_stone_trees_small,
          st_stairs_7, hangedman_decor_riveting, minmay_misc_feat_cross
D:2:      layout_basic, overflow_temple_1_default,
          chequers_ecumenical_altar_simple_redux, elyvilon_altar_5
D:3:      layout_basic, fedhas_altar_4
D:4:      layout_basic, lemuel_doored_altar, serial_shops, shop, uniq_eustachio
D:6:      layout_basic, serial_rivers, chequers_serial_rivers_room_b,
          chequers_serial_rivers_small_b, chequers_serial_rivers_micro_e,
          chequers_serial_rivers_small_3, basic_altar, trog_ov_bears_minmay
D:7:      layout_cave_pods, lemuel_round_altar, uniq_joseph

Skill      XL: |  1  2  3  4  5  6 |
---------------+-------------------+-----
Spellcasting   | 3 4 6 |  6.3
Fighting       | 1 2 3 4 |  4.6
Necromancy     | 5 6 |  6.3
Dodging        | |  1.5
Stealth        | |  1.5

Action                   |  1- 3 |  4- 6 |  7- 9 || total
-------------------------+-------+-------+-------++-------
Melee: Unarmed           |     6 |       |       ||     6
       Whip              |    15 |    21 |    29 ||    65
 Cast: Pain              |    75 |   145 |     7 ||   227
       Vampiric Draining |       |     3 |     3 ||     6
  Use: Scroll            |     1 |     1 |       ||     2
 Stab: Sleeping          |       |     2 |       ||     2
Armor: Robe              |     1 |     9 |    10 ||    20
Dodge: Dodged            |    22 |    40 |    26 ||    88

Table legend:
 A = Non-vault XP
 B = Vault XP
 C = Vault XP percentage of total XP
 D = Non-vault monster count
 E = Vault monster count
 F = Vault count percentage of total count
                 A         B        C        D         E       F
            +---------+---------+-------+---------+---------+-------
      Total |     887 |     210 |  19.1 |      96 |       2 |   2.0
            +---------+---------+-------+---------+---------+-------
        D:1 |      44 |       2 |   4.3 |      24 |       1 |   4.0
        D:2 |     107 |       0 |   0.0 |      29 |       0 |   0.0
        D:3 |      77 |       0 |   0.0 |      21 |       0 |   0.0
        D:4 |     575 |     208 |  26.6 |      19 |       1 |   5.0
        D:6 |      51 |       0 |   0.0 |       2 |       0 |   0.0
        D:7 |      33 |       0 |   0.0 |       1 |       0 |   0.0
            +---------+---------+-------+---------+---------+-------
